 Dungeon Crawl Stone Soup version 0.30.0-15-g856e2d3f33 (webtiles) character file.

Game seed: 1903294865384709560

5740 Kenran the Carver (level 10, -8/60 HPs)
             Began as a Gargoyle Fighter on May 19, 2023.
             Was a Priest of Okawaru.
             Mangled by a shadow (15 damage)
             ... on level 9 of the Dungeon.
             The game lasted 00:15:31 (9314 turns).

Kenran the Carver (Gargoyle Fighter)                Turns: 9314, Time: 00:15:31

Health: -8/60      AC: 24    Str: 24    XL:     10   Next: 77%
Magic:  10/10      EV:  6    Int:  8    God:    Okawaru [***...]
Gold:   666        SH:  5    Dex: 19    Spells: 9/9 levels left

rFire   . . .        d - +1 broad axe (drain)
rCold   . . .        c - +0 buckler
rNeg    + + .        E - +0 plate armour
rPois   ∞            C - +1 helmet
rElec   +            (no cloak)
rCorr   .            b - +0 pair of gloves of the Blue God {rN+ Str+3 Slay+3}
SInv    .            q - +0 pair of boots
Will    +....        (no amulet) Stlth
                     A - +6 ring of dexterity
HPRegen 0.30/turn    n - ring of willpower
MPRegen 0.12/turn

%: no passive effects
@: no status effects
A: sickness immunity, AC +7, negative energy resistance 1, electricity
resistance, torment resistance 1, petrification resistance
a: Renounce Religion, Heroism


You were on level 9 of the Dungeon.
You worshipped Okawaru.
Okawaru was most pleased with you.
You visited 2 branches of the dungeon, and saw 10 of its levels.

You collected 666 gold pieces.

Inventory:

Hand Weapons
 a - a +0 long sword
 d - a +1 broad axe of draining (weapon)
 o - the +12 shortbow "Sarcophage" {drain, rPois rN+ rCorr}
   (You found it on level 6 of the Dungeon)

   rPois:     It protects you from poison.
   rN:        It protects you from negative energy.
   rCorr:     It protects you from acid and corrosion.
 s - a +2 short sword of venom
Missiles
 y - 2 throwing nets (quivered)
Armour
 b - the +0 pair of gloves of the Blue God (worn) {rN+ Str+3 Slay+3}
   (You found it on level 6 of the Dungeon)

   Str:       It affects your strength (+3).
   Slay:      It affects your accuracy & damage with ranged weapons and melee
   (+3).
   rN:        It protects you from negative energy.
 c - a +0 buckler (worn)
 q - a +0 pair of boots (worn)
 C - a +1 helmet (worn)
 E - a +0 plate armour (worn)
Jewellery
 n - a ring of willpower (right hand)
 A - a +6 ring of dexterity (left hand)
 H - a ring of see invisible
Wands
 B - a wand of polymorph (14)
Scrolls
 f - 2 scrolls of magic mapping
 g - a scroll of fog
 h - 3 scrolls of enchant weapon
 j - a scroll of silence
 p - 2 scrolls of fear
 t - a scroll of brand weapon
 u - a scroll of poison
 w - 2 scrolls of blinking
 D - 2 scrolls of teleportation
 G - a scroll of amnesia {unknown}
Potions
 e - 3 potions of curing {@q1}
 i - a potion of degeneration {unknown}
 k - 2 potions of brilliance
 l - a potion of attraction {unknown}
 m - a potion of haste {unknown}
 r - a potion of flight {unknown}
 v - a potion of heal wounds {unknown}
 x - 2 potions of magic
 z - 2 potions of cancellation {unknown}
 F - a potion of lignification {unknown}


   Skills:
 - Level 6.0 Fighting
 - Level 10.0 Long Blades
 + Level 8.3 Axes
 - Level 6.0 Armour
 - Level 3.2 Shields
 - Level 3.0 Evocations


You had 9 spell levels left.
You didn't know any spells.
Your spell library contained the following spells:

 Spells                   Type           Power      Damage    Failure   Level
 Gell's Gravitas          Tloc           0%         N/A       100%        3
 Portal Projectile        Hex/Tloc       0%         N/A       100%        3
 Leda's Liquefaction      Hex/Erth       0%         N/A       100%        4
 Manifold Assault         Tloc           0%         N/A       100%        4
 Blade Hands              Tmut           0%         N/A       100%        5
 Dispersal                Tloc           0%         N/A       100%        6
 Summon Small Mammal      Summ           Unusable   N/A       N/A         1
 Call Canine Familiar     Summ           Unusable   N/A       N/A         3
 Summon Guardian Golem    Hex/Summ       Unusable   N/A       N/A         3
 Tukima's Dance           Hex            Unusable   N/A       N/A         3

Dungeon Overview and Level Annotations

Branches:
Dungeon (9/15)             Temple (1/1) D:6            Lair (0/5) D:9
    Orc: D:9-12

Altars:
Ashenzari
Cheibriados
Dithmenos
Elyvilon
Fedhas
Gozag
Hepliaklqana
Kikubaaqudgha
Makhleb
Nemelex Xobeh
Okawaru
Qazlal
Ru
Sif Muna
Trog
Uskayaw
Vehumet
Wu Jian
Xom
Yredelemnul
Zin
The Shining One

Shops:
D:2 :

Annotations:
D:3 3 runed translucent doors, IndexError's ghost, amateur GnHs


Innate Abilities, Weirdness & Mutations

You are immune to sickness and miasma.
Your stone body is resilient. (AC +7)
You are immune to poison.
You resist negative energy. (rN+)
You are resistant to electric shocks. (rElec)
You are resistant to unholy torment.
You are immune to petrification.


Message History

The orc warrior hits you but does no damage.
You closely miss the orc warrior.
The orc warrior is severely wounded.
The orc warrior barely misses you. You block the orc warrior's attack.
You closely miss the orc warrior.
The orc warrior is severely wounded.
The orc warrior hits you from afar with a +0 halberd.
The orc warrior hits you with a +0 scimitar!
You are too injured to fight recklessly!
You are too injured to fight recklessly!
You barely miss the orc warrior.
The orc warrior is severely wounded.
The orc warrior hits you but does no damage. x2
You hit the orc warrior. You drain the orc warrior.
The orc warrior is almost dead.
The orc warrior closely misses you. x2
You barely miss the orc warrior.
The orc warrior is almost dead.
The orc warrior hits you but does no damage.
The orc warrior barely misses you. x2
The orc warrior hits you but does no damage.
You slash the orc warrior!
You kill the orc warrior!
Okawaru accepts your kill.
The orc warrior hits you but does no damage.
The shadow strikes at you from the darkness!
Reactivating autopickup.
The shadow slips into darkness.
The shadow flickers and vanishes!
Deactivating autopickup; reactivate with Ctrl-A.
The shadow strikes at you from the darkness!
Reactivating autopickup.
The shadow attacks as you move away! The shadow hits you.
The shadow slips into darkness.
The shadow flickers and vanishes!
Deactivating autopickup; reactivate with Ctrl-A.
The orc warrior hits you from afar with a +0 halberd!
* * * LOW HITPOINT WARNING * * *
The shadow strikes at you from the darkness!
You die...

...)....##....# .≣ ..
..............# #.≣ ≣.
..##....##....# #.≣..
[.##....##...># #.≣.
...#..........# #..
)..#..........# ##.≣
...#....##....# #..≣
...#....#####.#####..≣
...# .. #...@{oo.≣
...# ##.#####.≣≣≣≣.≣≣.
..## #.# #..o......
..# #.# #.≣≣.≣≣≣≣. #.#
#.≣ .≣ #.. #.≣ ≣ ##.
#.. . ... ###


You could see an orc warrior and an orc.

Vanquished Creatures
  A two-headed ogre (D:8)
  Pikel (D:5)
  Maggie (D:6)
  A wyvern (D:8)
  Sigmund (D:2)
  5 yaks (D:8)
  Grum (D:9)
  Menkaure (D:6)
  2 acid dragons (D:8)
  Duvessa (D:5)
  An ice beast (D:8)
  5 orc warriors
  2 sky beasts
  2 wolves
  A centaur (D:5)
  An ogre (D:4)
  A phantom (D:6)
  2 lemures (D:6)
  A bullfrog (D:7)
  2 kobold brigands
  3 gnoll sergeants
  A scorpion (D:7)
  Dowan (D:5)
  2 howler monkeys
  2 gnoll boudas
  4 hounds
  4 orc priests
  5 iguanas
  4 orc wizards
  2 sleepcaps
  Robin (D:2)
  32 gnolls
  8 adders
  A shadow imp (D:6)
  An ufetubus (D:5)
  A worm (D:2)
  3 dart slugs
  25 orcs
  10 endoplasms
  A giant cockroach (D:1)
  17 goblins
  9 hobgoblins
  9 jackals
  12 kobolds
  5 quokkas
  5 ball pythons
  7 bats
  5 rats
213 creatures vanquished.

Notes
Turn   | Place    | Note
-------+----------+-------------------------------------------
     0 | D:1      | Kenran the Gargoyle Fighter began the quest for the Orb.
     0 | D:1      | Reached XP level 1. HP: 14/14 MP: 1/1
    12 | D:1      | Reached skill level 2 in Long Blades
    50 | D:1      | Reached XP level 2. HP: 19/19 MP: 2/2
   305 | D:1      | Reached skill level 3 in Long Blades
   489 | D:2      | Reached XP level 3. HP: 23/23 MP: 3/3
   700 | D:2      | Noticed Sigmund
   708 | D:2      | Killed Sigmund
   709 | D:2      | Reached skill level 5 in Long Blades
   709 | D:2      | Reached XP level 4. HP: 20/28 MP: 4/4
   709 | D:2      | Reached XP level 5. HP: 23/32 MP: 5/5
   941 | D:2      | Found Wekoz's Book Shop.
  1071 | D:2      | Noticed Robin
  1120 | D:2      | Killed Robin
  1591 | D:3      | Reached XP level 6. HP: 37/37 MP: 6/6
  2034 | D:3      | Reached skill level 6 in Long Blades
  2170 | D:3      | Found a runed translucent gate.
  2170 | D:3      | Found a runed translucent gate.
  2170 | D:3      | Found a runed translucent gate.
  2171 | D:3      | Noticed IndexError's ghost (amateur GnHs)
  2557 | D:4      | You fall into a shaft and drop 1 floor!
  2557 | D:5      | Entered Level 5 of the Dungeon
  2566 | D:4      | Got Kovyuxka's Verses on Hexes and Places
  2605 | D:4      | Found an ancient bone altar of Kikubaaqudgha.
  2976 | D:4      | Found a sparkling altar of Nemelex Xobeh.
  3270 | D:4      | Reached XP level 7. HP: 8/41 MP: 7/7
  3615 | D:4      | Reached skill level 7 in Long Blades
  4635 | D:5      | Reached skill level 8 in Long Blades
  4802 | D:5      | Reached XP level 8. HP: 37/46 MP: 8/8
  4922 | D:5      | Noticed Duvessa
  4922 | D:5      | Noticed Dowan
  4944 | D:5      | Killed Duvessa
  4948 | D:5      | Killed Dowan
  5219 | D:6      | Noticed Menkaure
  5263 | D:6      | Killed Menkaure
  5264 | D:6      | Reached skill level 9 in Long Blades
  5301 | D:6      | Noticed Pikel
  5332 | D:5      | Killed Pikel
  5333 | D:5      | Reached skill level 10 in Long Blades
  5333 | D:5      | Reached skill level 1 in Evocations
  5422 | D:6      | Identified the +0 pair of gloves of the Blue God {rN+ Str+3
                  | Slay+3}
  5485 | D:6      | Reached XP level 9. HP: 42/52 MP: 9/9
  5679 | D:6      | Identified the +12 shortbow "Sarcophage" {drain, rPois rN+
                  | rCorr}
  5756 | D:6      | Found a staircase to the Ecumenical Temple.
  5758 | D:6      | Noticed Maggie
  5780 | D:6      | Killed Maggie
  5785 | Temple   | Entered the Ecumenical Temple
  5981 | Temple   | Became a worshipper of Warmaster Okawaru
  6168 | D:6      | Found a hide-covered altar of Uskayaw.
  6222 | D:6      | Found a sacrificial altar of Ru.
  6224 | D:6      | Reached skill level 5 in Fighting
  6224 | D:6      | Reached skill level 5 in Armour
  6487 | D:6      | Found a glowing silver altar of Zin.
  7354 | D:8      | Reached * piety under Okawaru
  7355 | D:8      | Reached skill level 1 in Axes
  7535 | D:8      | Noticed a two-headed ogre
  7567 | D:8      | Killed a two-headed ogre
  7568 | D:8      | Reached XP level 10. HP: 51/60 MP: 10/10
  7687 | D:8      | Reached ** piety under Okawaru
  7688 | D:8      | Reached skill level 5 in Axes
  8120 | D:8      | Reached *** piety under Okawaru
  8236 | D:8      | Found an ornate altar of the Wu Jian Council.
  8676 | D:9      | Noticed Grum
  8676 | D:9      | Found a staircase to the Lair.
  9154 | D:9      | Killed Grum
  9314 | D:9      | Mangled by a shadow

Illustrated notes

Levels and vault maps discovered:
D:1:      onia_arrival_handbag, layout_rooms
D:2:      layout_loops_corners, serial_shops, nicolae_shop_behind_doors,
          minmay_split_cup_small, uniq_sigmund, uniq_robin
D:3:      layout_basic, gammafunk_ghost_necromancy
D:4:      layout_layer_cave, general_overflow_altar,
          mainiacjoe_overflow_surrounded_room
D:5:      layout_cave_pools, kennysheep_doodads, dreamdust_princess_corridor,
          nicolae_sextant, amcnicky_mini_corridor_feature, uniq_duvessa
D:6:      layout_loops_cross, zin_academy, nicolae_uskayaw_dance_hall,
          mainiacjoe_overflow_concentric_impassable,
          minmay_temple_entry_junction, uniq_pikel, uniq_maggie, uniq_menkaure
D:7:      layout_loops_cross
D:8:      layout_basic, mainiacjoe_overflow_six_doors_small, grunt_ministairs_2,
          nrook_campfire, hex_large
D:9:      minmay_the_grid_square_5x5_4x4 [minmay_the_grid_square_5x5_minimal,
          minmay_the_grid_square_5x5_trominoes,
          minmay_the_grid_square_5x5_minivault,
          minmay_the_grid_square_5x5_detours, minmay_the_grid_square_5x5_spiral,
          minmay_the_grid_square_5x5_prize_pseudospiral,
          minmay_the_grid_square_5x5_prize_monsterx,
          minmay_the_grid_square_5x5_z, minmay_the_grid_square_5x5_spiral_small,
          minmay_the_grid_square_5x5_prize_junk,
          minmay_the_grid_square_5x5_prize_rear_guard,
          minmay_the_grid_square_5x5_tri_point,
          minmay_the_grid_square_5x5_minibox,
          minmay_the_grid_square_5x5_n_small, minmay_the_grid_square_5x5_eight,
          minmay_the_grid_square_5x5_empty], layout_gridville, uniq_grum
Temple:   lightli_temple_of_artemis

Skill      XL: |  1  2  3  4  5  6  7  8  9 10 |
---------------+-------------------------------+-----
Long Blades    | 2 3 5 6 8 10 | 10.0
Evocations     | 1 3 |  3.0
Fighting       | 6 |  6.0
Armour         | 6 |  6.0
Axes           | 4 8 |  8.3
Shields        | |  3.2

Action                     |  1- 3 |  4- 6 |  7- 9 | 10-12 || total
---------------------------+-------+-------+-------+-------++-------
  Melee: Long sword        |    93 |   270 |   321 |   131 ||   815
         Broad axe         |       |       |       |    54 ||    54
  Evoke: Wand              |       |       |     2 |       ||     2
    Use: Scroll            |     4 |     3 |     4 |     1 ||    12
         Potion            |     1 |       |     3 |       ||     4
 Armour: Scale mail        |    24 |       |       |       ||    24
         Chain mail        |    37 |   199 |   180 |    43 ||   459
         Plate armour      |       |       |       |    72 ||    72
  Dodge: Dodged            |    55 |    94 |    98 |    54 ||   301
  Block: Buckler           |    31 |    61 |    61 |    59 ||   212
